 Dungeon Crawl Stone Soup version 0.27-a0-249-g74f53ef629 (webtiles) character file.

Game seed: 2491664293228920714

61 trckry the Bolt Thrower (level 4, 0/26 HPs)
             Began as a Tengu Hunter on Feb 3, 2021.
             Succumbed to an adder's poison
             ... on level 2 of the Dungeon.
             The game lasted 00:03:45 (1786 turns).

trckry the Bolt Thrower (Tengu Hunter)              Turns: 1786, Time: 00:03:46

Health: 0/26       AC:  3    Str: 13    XL:     4   Next: 7%
Magic:  5/5        EV: 12    Int: 12    God:
Gold:   19         SH:  0    Dex: 14    Spells: 3/3 levels left

rFire    . . .     SeeInvis .   b - +0 short sword
rCold    . . .     Faith    .   (no shield)
rNeg     + . .     Spirit   .   c - +0 leather armour
rPois    .         Reflect  .   (helmet restricted)
rElec    .         Harm     .   (no cloak)
rCorr    .         Rampage  .   (no gloves)
Will     .....                  (boots unavailable)
Stlth    +.........             (no amulet)
HPRegen  0.08/turn              e - ring of wizardry
MPRegen  0.09/turn              j - ring of positive energy

@: lethally poisoned (0 -> -3)
A: beak, talons 3
a: no special abilities


You were on level 2 of the Dungeon.
You visited 1 branch of the dungeon, and saw 2 of its levels.

You collected 19 gold pieces.

Inventory:

Hand Weapons
 a - a +1 hand crossbow
 b - a +0 short sword (weapon)
Missiles
 d - 17 bolts
 f - 8 silver javelins (quivered)
Armour
 c - a +0 leather armour (worn)
Jewellery
 e - a ring of wizardry (left hand)
 i - an uncursed ring of wizardry
 j - a ring of positive energy (right hand)
Scrolls
 g - a scroll of amnesia {unknown}
 h - a scroll of magic mapping {unknown}


   Skills:
 - Level 2.0 Fighting
 * Level 6.1 Crossbows
 - Level 2.1 Dodging
 - Level 1.0 Stealth


You had 3 spell levels left.
You didn't know any spells.
Your spell library was empty.

Dungeon Overview and Level Annotations

Branches:
Dungeon (2/15)

Altars:


Innate Abilities, Weirdness & Mutations

You have a beak for a mouth.
You have claws for feet.


Message History

You feel sick.
You take 1 damage, and have 7/26 hp.
* * * LOW HITPOINT WARNING * * *
You feel sick.
You take 1 damage, and have 6/26 hp.
* * * LOW HITPOINT WARNING * * *
You feel sick.
You take 1 damage, and have 5/26 hp.
A rat comes into view.
* * * LOW HITPOINT WARNING * * *
You feel sick.
You take 1 damage, and have 5/26 hp.
The rat bites you but does no damage.
You hit the rat but do no damage. Your kick misses the rat.
* * * LOW HITPOINT WARNING * * *
You feel sick. The rat bites you.
* * * LOW HITPOINT WARNING * * *
You take 4 damage, and have 1/26 hp.
You aren't carrying any potions.
You die...

....(.......... #. #.# #.#
............... #.##.######.##
......†....######.##..........
...................#..#####.##
...................#..# #.##
.............[........# #...
##########........#...# ####
#........#...# #...
#...@......>.#####.#.
####.####..........#. #r#
#....#####.## #.# #....# #...
#.# #....# #.## #.# #....# #.#
... .......# #.# #.# #....#.#
#.# #.# #....#.# #.#


You could see a rat.

Vanquished Creatures
  3 adders (D:2)
  A dart slug (D:2)
  2 leopard geckos
  4 bats
  3 goblins (D:1)
  4 hobgoblins
  8 kobolds
  5 rats (D:1)
30 creatures vanquished.

Notes
Turn   | Place    | Note
-------+----------+-------------------------------------------
     0 | D:1      | trckry the Tengu Hunter began the quest for the Orb.
     0 | D:1      | Reached XP level 1. HP: 12/12 MP: 2/2
   306 | D:1      | Reached XP level 2. HP: 17/17 MP: 3/3
   648 | D:1      | Reached skill level 5 in Crossbows
  1237 | D:1      | Reached XP level 3. HP: 21/21 MP: 4/4
  1775 | D:2      | Reached skill level 6 in Crossbows
  1775 | D:2      | Reached XP level 4. HP: 8/26 MP: 5/5
  1783 | D:2      | HP: 1/26 [rat (3)]
  1786 | D:2      | Succumbed to an adder's poison

Illustrated notes

Levels and vault maps discovered:
D:1:      elethiomel_arrival_infinity_welcomes_careful_drivers,
          layout_loops_corners, st_stairs_6
D:2:      layout_basic, lemuel_doored_altar, uniq_natasha, uniq_sigmund

Skill      XL: |  1  2  3 |
---------------+----------+-----
Crossbows      | 5 6 |  6.1
Fighting       | |  2.0
Dodging        | |  2.1
Stealth        | |  1.0

Action                   |  1- 3 |  4- 6 || total
-------------------------+-------+-------++-------
Melee: Short sword       |    86 |     1 ||    87
       Kick              |    23 |       ||    23
       Peck              |    10 |       ||    10
 Fire: Hand crossbow     |     4 |       ||     4
Throw: Javelin           |     2 |       ||     2
Armor: Leather armour    |    25 |     1 ||    26
Dodge: Dodged            |    60 |       ||    60

Table legend: (Time is in decaauts)
 A = Elapsed time spent in this place.
 B = Non-inter-level travel time spent in this place.
 C = Inter-level travel time spent in this place.
 D = Time resting spent in this place.
 E = Time spent auto-exploring this place.
 F = Levels seen in this place.
 G = Mean time per level.
                   A        B        C        D        E       F      G
               +--------+--------+--------+--------+--------+-----+--------+
         Total |   1791 |   1750 |     41 |      0 |   1496 |   2 |  895.5 |
       Dungeon |   1791 |   1750 |     41 |      0 |   1496 |   2 |  895.5 |
               +--------+--------+--------+--------+--------+-----+--------+

Top non-repeatable levels by time:
     D:1: 1334 daAuts
     D:2: 457 daAuts
